 Dungeon Crawl Stone Soup version 0.28.0 (webtiles) character file.

Game seed: 3874558051157872427

81 Snarg the Skirmisher (level 4, -4/38 HPs)
             Began as a Demigod Wanderer on Feb 15, 2022.
             Killed by divine providence
             ... invoked by an orc priest
              (12 damage)
             ... on level 3 of the Dungeon.
             The game lasted 00:03:09 (1374 turns).

Snarg the Skirmisher (Demigod Wanderer)             Turns: 1374, Time: 00:03:10

Health: -4/38      AC:  5    Str: 19    XL:     4   Next: 0%
Magic:  8/8        EV: 10    Int: 11    God:
Gold:   94         SH:  0    Dex: 14    Spells: 5/5 levels left

rFire   . . .      SeeInvis .   e - +2 hand axe (vamp)
rCold   . . .      Faith    .   (no shield)
rNeg    . . .      Spirit   .   c - +0 ring mail
rPois   .          Reflect  .   (no helmet)
rElec   .          Harm     .   (no cloak)
rCorr   .          Rampage  .   (no gloves)
Will    .....                   (no boots)
Stlth   +.........              (no amulet)
HPRegen 0.12/turn               (no ring)
MPRegen 0.11/turn               (no ring)

@: no status effects
A: high MP 1, forlorn, divine attributes
a: no special abilities


You were on level 3 of the Dungeon.
You visited 1 branch of the dungeon, and saw 3 of its levels.

You collected 94 gold pieces.

Inventory:

Hand Weapons
 a - a +0 club
 e - a +2 vampiric hand axe (weapon)
 f - a +0 dagger of flaming
Missiles
 j - 10 poisoned darts
 k - 66 stones (quivered)
Armour
 c - a +0 ring mail (worn)
Scrolls
 b - a scroll of fog
 g - a scroll of enchant armour {unknown}
 l - a scroll of teleportation {unknown}
Potions
 h - a potion of flight {unknown}
 i - a potion of curing
Miscellaneous
 d - a lightning rod (4/4)


   Skills:
 + Level 3.3 Fighting
 + Level 1.6 Axes
 + Level 3.2 Armour
 + Level 0.3 Dodging
 + Level 1.0 Spellcasting
 + Level 3.0 Evocations


You had 5 spell levels left.
You didn't know any spells.
Your spell library was empty.

Dungeon Overview and Level Annotations

Branches:
Dungeon (3/15)

Annotations:
D:1 clr


Innate Abilities, Weirdness & Mutations

You have an increased reservoir of magic. (+10% MP)
You shall have no god before yourself.
Your divine heritage dramatically boosts your attributes as you level up.


Message History

You hit the orc but do no damage.
The orc is moderately wounded.
The orc hits you but does no damage.
The orc priest shouts!
You hit the orc.
You feel better.
The orc is severely wounded.
The orc hits you with a +0 flail. x2
You hit the orc but do no damage.
The orc is severely wounded.
The orc closely misses you.
You barely miss the orc.
The orc is severely wounded.
The orc hits you with a +0 flail.
You closely miss the orc.
The orc is severely wounded.
The orc barely misses you.
You closely miss the orc.
The orc is severely wounded.
The orc hits you with a +0 flail.
You closely miss the orc.
The orc is severely wounded.
The orc barely misses you. x2
You slash the orc!
You kill the orc!
The orc priest calls down the wrath of Beogh upon you.
Beogh smites you!
* * * LOW HITPOINT WARNING * * *
You have reached level 4!
It was a potion of curing.
You feel better.
The orc priest looks braver for a moment.
The orc priest miscasts a cantrip.
Items here: )) [ †.
You hit the orc priest but do no damage.
The orc priest hits you with a +0 flail.
* * * LOW HITPOINT WARNING * * *
The orc priest hits you but does no damage.
You hit the orc priest but do no damage.
The orc priest invokes the aid of Beogh against you.
Beogh smites you!
You die...

..# ### #.# #.# #..
#.# #.# #.# ######.#
#.### #†# ......#
#...# #.# #..#.#
#...### #.# #....#
#...>.###.#
#....#######.........#
#...o@...<>......#####
......[########...###
#####.. #...# #..
##.## #.. #.# #.. #.#
#.. #.# ... .#


You could see an orc priest.

Vanquished Creatures
  5 adders
  2 orcs (D:3)
  2 endoplasms
  5 goblins
  3 hobgoblins
  3 quokkas (D:1)
  3 ball pythons
  5 bats
  A frilled lizard (D:2)
  3 kobolds
  4 rats
36 creatures vanquished.

Vanquished Creatures (others)
  A plant (D:2)
1 creature vanquished.

Grand Total: 37 creatures vanquished

Notes
Turn   | Place    | Note
-------+----------+-------------------------------------------
     0 | D:1      | Snarg the Demigod Wanderer began the quest for the Orb.
     0 | D:1      | Snarg set off with the following items: a +0 club, a scroll
                  | of fog, a +0 ring mail, a lightning rod (4/4)
     0 | D:1      | Reached XP level 1. HP: 18/18 MP: 4/4
   208 | D:1      | Reached XP level 2. HP: 26/26 MP: 5/5
   708 | D:2      | Reached skill level 1 in Axes
   708 | D:2      | Reached XP level 3. HP: 31/31 MP: 6/6
  1085 | D:2      | You fall into a shaft and drop 1 floor!
  1371 | D:3      | Reached XP level 4. HP: 2/38 MP: 8/8
  1374 | D:3      | Killed from afar by an orc priest

Illustrated notes

Levels and vault maps discovered:
D:1:      dpeg_arrival_fog, layout_loops_cross, ebering_ecumenical_altar_mist
D:2:      layout_rooms, serial_forest, infiniplex_forest_lined_corner,
          infiniplex_forest_diagonal, infiniplex_forest_clump_long,
          infiniplex_forest_clump_diagonal, infiniplex_forest_zigzag_2,
          infiniplex_forest_end_3
D:3:      layout_loops_ring, general_overflow_altar, serial_shops,
          nicolae_shop_behind_doors, uniq_terence

Skill      XL: |  1  2  3 |
---------------+----------+-----
Fighting       | 3 |  3.3
Axes           | 1 |  1.6
Armour         | 3 |  3.2
Evocations     | 3 |  3.0
Dodging        | |  0.3
Spellcasting   | |  1.0

Action                   |  1- 3 |  4- 6 || total
-------------------------+-------+-------++-------
Melee: Hand axe          |    93 |     2 ||    95
       Club              |     2 |       ||     2
       Punch             |     3 |       ||     3
Throw: Stone             |     1 |       ||     1
  Use: Potion            |       |     1 ||     1
Armor: Ring mail         |    48 |     1 ||    49
Dodge: Dodged            |    69 |       ||    69
